 Dungeon Crawl Stone Soup version 0.20.1-1-g8b1a95d (webtiles) character file.

103996 Gargoyl the Severer (level 15, -5/120 HPs)
             Began as a Minotaur Abyssal Knight on July 17, 2017.
             Was the Champion of Lugonu.
             Killed from afar by a shock serpent (21 damage)
             ... with a bolt of electricity
             ... on level 1 of the Snake Pit on July 18, 2017.
             The game lasted 00:57:00 (29505 turns).

Gargoyl the Severer (Minotaur Abyssal Knight)      Turns: 29505, Time: 00:57:01

Health: -5/120     AC: 27    Str: 28    XL:     15   Next: 90%
Magic:  19/23      EV: 11    Int: 13    God:    Lugonu [******]
Gold:   239        SH: 13    Dex: 13    Spells: 14/14 levels left

rFire    + + .     SeeInvis +   U - +2 broad axe (elec)
rCold    + . .     Gourm    .   y - +0 shield
rNeg     . . .     Faith    .   v - +3 plate armour of the Nexus {Str+3}
rPois    +         Spirit   .   g - +2 hat
rElec    .         Reflect  .   j - +0 cloak
rCorr    .         Harm     .   q - +0 pair of gloves
MR       +....                  B - +0 pair of boots of the Carpenter {rF+ rC+ Int+4}
Stlth    ..........             V - amulet of regeneration
Regen    0.7/turn               n - ring of protection from fire
MPRegen  0.2/turn               I - ring "Naskafos" {rPois Str+5}

@: no status effects
A: retaliatory headbutt, horns 2, see invisible, frail 1
a: Depart the Abyss, Bend Space, Banish, Corrupt, Enter the Abyss, Brand Weapon
With Distortion, Renounce Religion


You were on level 1 of the Snake Pit.
You worshipped Lugonu.
Lugonu was exalted by your worship.
You were hungry.

You visited 4 branches of the dungeon, and saw 24 of its levels.
You visited the Abyss 3 times.

You collected 2447 gold pieces.
You spent 2208 gold pieces at shops.

Inventory:

Hand Weapons
 a - a +3 hand axe of protection
 F - a +0 broad axe of freezing
 U - a +2 broad axe of electrocution (weapon)
 X - a +1 broad axe of electrocution
Armour
 g - a +2 hat (worn)
 j - a +0 cloak (worn)
 q - a +0 pair of gloves (worn)
 v - the +3 plate armour of the Nexus (worn) {Str+3}
   (You bought it in a shop on level 2 of the Orcish Mines)

   It affects your strength (+3).
 y - a +0 shield (worn)
 B - the +0 pair of boots of the Carpenter (worn) {rF+ rC+ Int+4}
   (You acquired it on level 7 of the Dungeon)

   It affects your intelligence (+4).
   It protects you from fire.
   It protects you from cold.
Jewellery
 i - an uncursed ring of poison resistance
 n - a ring of protection from fire (left hand)
 I - the ring "Naskafos" (right hand) {rPois Str+5}
   (You bought it in a shop on level 6 of the Dungeon)

   [ring of poison resistance]

   It affects your strength (+5).
   It protects you from poison.
 N - an uncursed ring of flight
 V - an amulet of regeneration (around neck)
Wands
 L - a wand of digging (9/24)
Scrolls
 b - 8 scrolls of teleportation
 f - a scroll of enchant armour
 k - 2 scrolls of magic mapping
 m - a scroll of blinking
 s - 2 scrolls of recharging
 t - 15 scrolls of remove curse
 C - a scroll of fog
 H - 4 scrolls of identify
Potions
 e - 4 potions of brilliance
 h - a potion of berserk rage
 l - 6 potions of flight
 o - a potion of resistance
 p - 3 potions of cancellation
 r - 2 potions of heal wounds
 u - a potion of haste
 w - 7 potions of curing
 D - 2 potions of invisibility
 E - 3 potions of ambrosia
 K - 2 potions of agility
Comestibles
 c - 10 bread rations
 d - 16 meat rations
 z - 4 royal jellies
 A - 20 fruits


   Skills:
 + Level 12.5 Fighting
 + Level 17.7 Axes
 * Level 16.3 Armour
 + Level 6.8 Dodging
 + Level 11.9 Shields
 * Level 12.5 Invocations
 + Level 1.0 Evocations


You had 14 spell levels left.
You didn't know any spells.

Dungeon Overview and Level Annotations

Branches:
Dungeon (15/15)            Temple (0/1) D:6            Lair (6/6) D:8
 Shoals (0/4) Lair:2        Snake (1/4) Lair:3        Slime (0/5) Lair:6
    Orc (2/2) D:9             Elf (0/3) Orc:2        Vaults (0/5) D:14
 Depths (0/5) D:15

Altars:
Ashenzari
Dithmenos
Fedhas
Makhleb
Okawaru
Ru
Trog
Vehumet
Yredelemnul
Beogh
Jiyva

Shops:
D:4 *   D:6 =   Orc:2 ?*(}

Annotations:
Lair:3 exclusion: 3 oklob plants
Lair:6 1 runed door


Innate Abilities, Weirdness & Mutations

You reflexively headbutt those who attack you in melee.
You have a pair of horns on your head.
You have supernaturally acute eyesight. (SInv)
You are frail. (-10% HP)


Message History

The shock serpent's electric aura discharges, shocking you!
The shock serpent shoots out a bolt of lightning at you!
The bolt of electricity hits you! x2
The bolt of electricity hits the shock serpent.
The shock serpent completely resists.
You miss the shock serpent.
The shock serpent is severely wounded.
The shock serpent shoots out a bolt of lightning at you!
The bolt of electricity hits you!
* * * LOW HITPOINT WARNING * * *
The bolt of electricity hits you!
* * * LOW HITPOINT WARNING * * *
The bolt of electricity hits the shock serpent.
The shock serpent completely resists.
Press: ? - help, Shift-Dir - straight line, f - shock serpent
Aim: a shock serpent (severely wounded, chance to defeat MR: 76%)
The shock serpent barely resists.
You feel somewhat more hungry.
The shock serpent shoots out a bolt of lightning at you!
The bolt of electricity hits you!
You die...

#.##..........##
#.####..........
. #.##....))#...
#. #........##
## ..
#..#...#.## .#
#..#####.<####
.# ....
##....####.#
.#...
#.......#S#
.#....
#...#...@.#
###....
#####...!##
...## ###..#
...# ####


You could see a shock serpent.

Vanquished Creatures
  An orc warlord (Orc:1)
  The ghost of Knicklaso the Geomancer, a journeyman GrEE of Vehumet (Lair:6)
  Nessos (D:14)
  Azrael (D:15)
  Snorg (D:12)
  An ettin (D:15)
  A fire dragon (Lair:6)
  A naga warrior (Snake:1)
  Fannar (Orc:1)
  The ghost of raetorn the Severer, a journeyman DDGl of Makhleb (D:11)
  2 anacondas
  A catoblepas (Abyss:2)
  2 vault guards (D:14)
  The ghost of Cral the Martial Artist, a journeyman DsTm of Ru (D:11)
  7 two-headed ogres
  2 ogre magi (D:15)
  4 death yaks
  3 centaur warriors (D:14)
  A tengu warrior (D:15)
  A naga sharpshooter (Snake:1)
  A thrashing horror (Abyss:2)
  3 orc high priests
  The ghost of lotsofdiagrams the Tainter, a novice NaVM of Cheibriados (D:7)
  2 unseen horrors
  A naga ritualist (Snake:1)
  4 necromancers (D:14)
  7 orc knights
  2 deep elf magi
  A lindwurm (Lair:6)
  6 ugly things (D:15)
  3 mana vipers
  4 cyclopes
  9 slime creatures (D:12)
  8 orc sorcerers
  2 manticores
  14 black mambas
  7 elephants
  A worldbinder (Abyss:2)
  A guardian serpent (Lair:3)
  3 molten gargoyles (Lair:6)
  Psyche (D:8)
  4 naga magi (Snake:1)
  4 centaur zombies
  8 spiny frogs
  3 centaur skeletons
  2 gargoyles
  A yaktaur (D:14)
  A kobold demonologist (Abyss:2)
  A rime drake (Lair:6)
  8 komodo dragons
  A tengu conjurer (D:14)
  A hellwing (Abyss:1)
  5 trolls
  3 meliai
  4 polar bears
  A wind drake (Abyss:2)
  9 blink frogs
  2 hornets
  A raiju (Abyss:2)
  13 dream sheep (Lair:6)
  Prince Ribbit (D:6)
  A meliai zombie (D:15)
  8 hippogriffs
  2 shadows (D:11)
  2 wraiths
  6 wyverns
  A ynoxinul (Abyss:2)
  37 yaks
  The ghost of topson the Skirmisher, an amateur HOMo of Vehumet (D:3)
  5 basilisks
  4 fire elementals (D:15)
  A hog (shapeshifter) (D:14)
  18 humans (D:14)
  2 hungry ghosts
  2 vampire mosquitoes
  A large abomination (Abyss:2)
  2 wargs
  5 hell hounds
  A soldier ant (D:12)
  An acid dragon (D:12)
  4 nagas (Snake:1)
  8 water moccasins
  A swamp drake (Abyss:2)
  5 porcupines
  4 black bears
  22 orc warriors
  3 phantoms
  4 sky beasts
  5 ice beasts
  10 necrophages
  3 eyes of draining
  12 wolves
  14 centaurs
  17 ogres
  16 crocodiles
  3 big kobolds
  11 bullfrogs
  2 wyvern zombies
  2 scorpions
  2 small abominations (Abyss:2)
  14 killer bees
  18 wights
  An electric eel (Lair:5)
  2 howler monkeys
  7 crimson imps
  3 quasits
  2 bullfrog zombies
  4 lava snakes (Lair:6)
  3 jellies
  A bullfrog skeleton (D:6)
  25 orc priests
  4 hounds
  28 orc wizards
  Crazy Yiuf (D:2)
  Ijyb (D:4)
  6 iguanas
  12 worker ants
  2 hound zombies
  3 hound skeletons
  2 mummies (D:11)
  A worker ant zombie (D:10)
  3 gnolls (D:6)
  7 adders
  2 shadow imps
  2 oozes
  An adder skeleton (D:8)
  An adder zombie (D:8)
  5 worms
  3 dart slugs
  7 leopard geckos
  72 orcs
  3 ball pythons
  7 giant cockroaches
  9 goblins
  8 hobgoblins
  3 jackals (D:8)
  20 kobolds
  3 quokkas
  7 bats
  4 frilled lizards
  A leopard gecko skeleton (D:7)
  2 quokka skeletons
  10 rats
  8 fungi
  7 plants
  A withered plant (D:11)
772 creatures vanquished.

Vanquished Creatures (others)
  4 hydras
  The ghost of Gargoyl the Protected, a novice MiAK of Lugonu (D:9)
  A naga mage (Snake:1)
  A centaur skeleton (D:15)
  A komodo dragon (Lair:1)
  A warg (Orc:2)
  A centaur (D:10)
  31 fungi
  A lurking horror (Abyss:2)
  24 plants
  A withered plant (D:11)
67 creatures vanquished.

Grand Total: 839 creatures vanquished

Notes
Turn   | Place    | Note
-------+----------+-------------------------------------------
     0 | Abyss:1  | Gargoyl the Minotaur Abyssal Knight began the quest for the Orb.
     0 | Abyss:1  | Reached XP level 1. HP: 19/19 MP: 1/1
    39 | Abyss:2  | Found a corrupted altar of Lugonu.
    66 | Abyss:2  | Found a corrupted altar of Lugonu.
    66 | Abyss:2  | Found a corrupted altar of Lugonu.
   140 | Abyss:3  | Noticed an ancient zyme
   143 | Abyss:3  | Noticed a large abomination
   153 | D:1      | Escaped the Abyss
   414 | D:1      | Reached XP level 2. HP: 27/27 MP: 2/2
   671 | D:1      | Reached * piety under Lugonu
   779 | D:1      | Reached XP level 3. HP: 34/34 MP: 3/3
  1280 | D:2      | Reached skill level 3 in Axes
  1623 | D:2      | Found an iron altar of Okawaru.
  1636 | D:2      | Reached XP level 4. HP: 40/41 MP: 4/4
  1798 | D:2      | Found a runed door.
  1802 | D:2      | Noticed Crazy Yiuf
  1814 | D:2      | Killed Crazy Yiuf
  2192 | D:3      | Noticed topson's ghost (amateur HOMo)
  2207 | D:3      | Killed topson's ghost
  2207 | D:3      | Reached skill level 4 in Axes
  2207 | D:3      | Reached XP level 5. HP: 46/47 MP: 5/5
  2212 | D:3      | Found a shattered altar of Ashenzari.
  2415 | D:3      | Reached ** piety under Lugonu
  2726 | D:3      | Reached XP level 6. HP: 38/55 MP: 5/7
  2756 | D:3      | Reached skill level 5 in Armour
  2951 | D:4      | Reached skill level 5 in Fighting
  3003 | D:4      | Found a basalt altar of Yredelemnul.
  3016 | D:4      | Reached skill level 5 in Axes
  3066 | D:4      | Noticed a hippogriff
  3075 | D:4      | Killed a hippogriff
  3075 | D:4      | Reached XP level 7. HP: 44/61 MP: 8/8
  3207 | D:4      | Noticed Ijyb
  3208 | D:4      | Found Qoerirhu's Assorted Antiques.
  3217 | D:4      | Killed Ijyb
  3237 | D:4      | Bought a shield for 103 gold pieces
  3237 | D:4      | Bought a scroll labeled JETYTW XEINOUF for 23 gold pieces
  3295 | D:4      | Reached skill level 6 in Axes
  3428 | D:5      | Entered Level 5 of the Dungeon
  3655 | D:5      | Reached XP level 8. HP: 69/69 MP: 9/9
  3779 | D:5      | Noticed a moth of wrath
  3782 | D:5      | Found a bloodstained altar of Trog.
  3794 | D:5      | Reached *** piety under Lugonu
  4157 | D:6      | Found a staircase to the Ecumenical Temple.
  4165 | D:6      | Reached skill level 7 in Axes
  4337 | D:6      | Noticed a two-headed ogre
  4349 | D:6      | Killed a two-headed ogre
  4349 | D:6      | Reached skill level 8 in Axes
  4349 | D:6      | Reached skill level 1 in Shields
  4349 | D:6      | Reached XP level 9. HP: 6/78 MP: 11/11
  4730 | D:6      | Cast into level 1 of the Abyss (orc warrior)
  4758 | Abyss:1  | Gained mutation: You are occasionally teleported next to monsters. [potion of mutation]
  4758 | Abyss:1  | Gained mutation: You have a pair of large horns on your head. [potion of mutation]
  4758 | Abyss:1  | Gained mutation: Your flesh is heat resistant. (rF+) [potion of mutation]
  4763 | Abyss:1  | Found a corrupted altar of Lugonu.
  4821 | Abyss:1  | Noticed an orange demon
  4822 | D:6      | Escaped the Abyss
  4965 | D:6      | Reached skill level 9 in Axes
  5040 | D:6      | Noticed Prince Ribbit
  5052 | D:6      | Killed Prince Ribbit
  5052 | D:6      | Reached skill level 5 in Invocations
  5168 | D:6      | Found Naapumaote's Jewellery Shoppe.
  6029 | D:7      | Identified a scroll of acquirement
  6030 | D:7      | Got a pair of ichor-stained boots
  6036 | D:7      | Identified the +0 pair of boots of the Carpenter {rF+ rC+ Int+4} (You acquired it on level 7 of the Dungeon)
  6064 | D:7      | Found a blossoming altar of Fedhas.
  6337 | D:7      | Noticed lotsofdiagrams's ghost (novice NaVM)
  6374 | D:7      | Killed lotsofdiagrams's ghost
  6374 | D:7      | Reached skill level 10 in Axes
  6931 | D:7      | Reached XP level 10. HP: 63/86 MP: 13/13
  7197 | D:8      | Noticed a two-headed ogre
  7207 | D:8      | Killed a two-headed ogre
  7207 | D:8      | Reached skill level 10 in Armour
  7302 | D:8      | Noticed a two-headed ogre
  7321 | D:8      | Killed a two-headed ogre
  7612 | D:8      | Noticed Psyche
  7629 | D:8      | Killed Psyche
  7752 | D:8      | Found a staircase to the Lair.
  7759 | D:8      | Found a radiant altar of Vehumet.
  8259 | D:9      | Noticed Gargoyl's ghost (novice MiAK)
  8470 | D:9      | Banished Gargoyl's ghost
  8793 | D:9      | Found a staircase to the Orcish Mines.
  8864 | D:6      | Bought the ring "Naskafos" {rPois Str+5} for 412 gold pieces
  9111 | D:9      | Reached skill level 11 in Axes
  9128 | D:9      | Got a diamond-encrusted chain mail
  9146 | D:9      | Identified the +4 chain mail of the Engineer {rPois Int+3} (You found it on level 9 of the Dungeon)
  9357 | D:9      | Reached XP level 11. HP: 91/93 MP: 15/15
  9426 | D:9      | Found a faded altar of an unknown god.
  9426 | D:9      | Found a sacrificial altar of Ru.
  9431 | D:9      | Found a faded altar of an unknown god.
  9433 | D:9      | Found a shadowy altar of Dithmenos.
  9435 | D:9      | Found a burning altar of Makhleb.
  9509 | Lair:1   | Entered Level 1 of the Lair of Beasts
  9529 | Lair:1   | Reached skill level 5 in Shields
  9530 | Lair:1   | Noticed a six-headed hydra
  9539 | Lair:1   | Banished a six-headed hydra
 10813 | Lair:2   | Found a staircase to the Shoals.
 11577 | Lair:3   | Reached **** piety under Lugonu
 11951 | Lair:3   | Found a staircase to the Snake Pit.
 12320 | Lair:3   | Reached skill level 12 in Axes
 12322 | Lair:3   | Noticed an oklob plant
 12527 | Lair:3   | Noticed an oklob plant
 12532 | Lair:3   | Noticed an oklob plant
 13192 | Lair:4   | Reached XP level 12. HP: 73/103 MP: 17/17
 13330 | Lair:4   | Noticed a five-headed hydra
 13330 | Lair:4   | Banished a five-headed hydra
 14200 | Lair:5   | Reached skill level 5 in Dodging
 14204 | Lair:5   | Reached skill level 13 in Axes
 15081 | Lair:6   | Entered Level 6 of the Lair of Beasts
 15120 | Lair:6   | Noticed an eight-headed hydra
 15124 | Lair:6   | Banished an eight-headed hydra
 15283 | Lair:6   | Noticed a death yak
 15284 | Lair:6   | Noticed a death yak
 15286 | Lair:6   | Noticed a death yak
 15287 | Lair:6   | Noticed a death yak
 15633 | Lair:6   | Noticed a six-headed hydra
 15633 | Lair:6   | Banished a six-headed hydra
 15633 | Lair:6   | Reached XP level 13. HP: 70/111 MP: 19/19
 15970 | Lair:6   | Reached skill level 10 in Invocations
 15974 | Lair:6   | Reached skill level 1 in Evocations
 16076 | Lair:6   | Reached skill level 14 in Axes
 16097 | Lair:6   | Noticed Knicklaso's ghost (journeyman GrEE)
 16753 | Lair:6   | Reached skill level 10 in Fighting
 16878 | Lair:6   | Found a large runed door.
 16886 | Lair:6   | Found a large runed door.
 16969 | Lair:6   | Found a runed door.
 16969 | Lair:6   | Found a viscous altar of Jiyva.
 16970 | Lair:6   | Found a staircase to the Slime Pits.
 16970 | Lair:6   | Noticed an azure jelly
 16970 | Lair:6   | Noticed an azure jelly
 16970 | Lair:6   | Noticed an azure jelly
 17299 | Lair:6   | Killed Knicklaso's ghost
 17539 | Lair:6   | Reached ***** piety under Lugonu
 18074 | Lair:6   | Noticed a fire dragon
 18181 | Lair:6   | Killed a fire dragon
 18579 | D:10     | Entered Level 10 of the Dungeon
 19536 | D:11     | Reached skill level 15 in Axes
 19536 | D:11     | Reached skill level 10 in Shields
 19829 | D:11     | Reached XP level 14. HP: 122/122 MP: 20/20
 20272 | D:11     | Noticed raetorn's ghost (journeyman DDGl)
 20291 | D:11     | Killed raetorn's ghost
 20471 | D:11     | Noticed Cral's ghost (journeyman DsTm)
 20492 | D:11     | Killed Cral's ghost
 20670 | D:11     | Reached skill level 15 in Armour
 21468 | Abyss:2  | Noticed a starcursed mass
 21476 | D:12     | Escaped the Abyss
 22037 | D:12     | Noticed Snorg
 22083 | D:12     | Killed Snorg
 22947 | D:12     | Lost mutation: You are occasionally teleported next to monsters. [potion of mutation]
 22947 | D:12     | Lost mutation: You have a pair of large horns on your head. [potion of mutation]
 22947 | D:12     | Lost mutation: Your flesh is heat resistant. (rF+) [potion of mutation]
 22947 | D:12     | Gained mutation: You are frail. (-10% HP) [potion of mutation]
 22947 | D:12     | Gained mutation: You have supernaturally acute eyesight. (SInv) [potion of mutation]
 23916 | D:14     | Reached skill level 16 in Axes
 23945 | D:14     | Noticed Nessos
 23959 | D:14     | Killed Nessos
 24100 | D:14     | Found a gate to the Vaults.
 24947 | D:14     | Reached XP level 15. HP: 111/117 MP: 22/22
 25169 | D:15     | Entered Level 15 of the Dungeon
 26044 | D:15     | Found a staircase to the Depths.
 26337 | D:15     | Noticed Azrael
 26344 | D:15     | Killed Azrael
 26503 | D:15     | Reached skill level 17 in Axes
 26672 | Orc:1    | Entered Level 1 of the Orcish Mines
 26692 | Orc:1    | Reached ****** piety under Lugonu
 26898 | Orc:1    | Noticed Fannar
 26907 | Orc:1    | Killed Fannar
 27158 | Orc:2    | Entered Level 2 of the Orcish Mines
 27158 | Orc:2    | Found a staircase to the Elven Halls.
 27168 | Orc:2    | Noticed an orc warlord
 27336 | Orc:2    | Noticed an orc warlord
 27430 | Orc:1    | Killed an orc warlord
 27745 | Orc:2    | Found a roughly hewn altar of Beogh.
 27835 | Orc:2    | Found Tocigaj's Gadget Shoppe.
 28746 | Orc:2    | Found Wyraog's Weapon Boutique.
 28750 | Orc:2    | Found Archits's Assorted Antiques.
 28754 | Orc:2    | Found Ydoim's Magic Scroll Shoppe.
 28805 | Orc:2    | Bought a scroll of blinking for 112 gold pieces
 28805 | Orc:2    | Bought a scroll of teleportation for 45 gold pieces
 28805 | Orc:2    | Bought a scroll of teleportation for 45 gold pieces
 28805 | Orc:2    | Bought a scroll of enchant armour for 112 gold pieces
 28805 | Orc:2    | Bought a scroll of teleportation for 45 gold pieces
 28805 | Orc:2    | Bought a scroll of teleportation for 45 gold pieces
 28805 | Orc:2    | Bought a scroll of teleportation for 45 gold pieces
 28829 | Orc:2    | Bought a potion of curing for 99 gold pieces
 28829 | Orc:2    | Bought a scroll of teleportation for 99 gold pieces
 28829 | Orc:2    | Bought a potion of curing for 99 gold pieces
 28829 | Orc:2    | Bought a faintly humming plate armour for 924 gold pieces
 28840 | Orc:2    | Identified the +3 plate armour of the Nexus {Str+3} (You bought it in a shop on level 2 of the Orcish Mines)
 29141 | Snake:1  | Entered Level 1 of the Snake Pit
 29505 | Snake:1  | Killed from afar by a shock serpent

Skill      XL: |  1  2  3  4  5  6  7  8  9 10 11 12 13 14 15 |
---------------+----------------------------------------------+-----
Fighting       | 4 5 6 7 8 9 10 11 12 | 12.5
Armour         | 3 4 5 6 7 9 11 13 14 15 16 | 16.3
Axes           | 3 4 5 6 8 10 11 12 13 15 16 17 | 17.7
Invocations    | 2 3 4 5 7 8 9 10 11 12 | 12.5
Dodging        | 2 3 4 5 6 |  6.8
Shields        | 1 3 4 6 8 10 11 | 11.9
Evocations     | 1 |  1.0

Action                   |  1- 3 |  4- 6 |  7- 9 | 10-12 | 13-15 || total
-------------------------+-------+-------+-------+-------+-------++-------
Melee: Hand axe          |    98 |   115 |   310 |   496 |       ||  1019
       Headbutt          |    14 |    17 |    58 |   175 |   275 ||   539
       Broad axe         |       |       |       |   149 |  1235 ||  1384
Invok: Depart the Abyss  |     1 |       |     1 |       |     1 ||     3
       Banish            |       |       |       |     8 |     7 ||    15
       Enter the Abyss   |       |       |       |       |     1 ||     1
 Abil: Evoke Berserk Rag |       |       |     1 |       |       ||     1
Evoke: Wand              |       |       |     3 |       |     5 ||     8
  Use: Scroll            |     6 |     5 |    14 |    13 |    12 ||    50
       Potion            |       |     1 |     2 |       |     4 ||     7
 Stab: Invisible         |       |       |       |     1 |       ||     1
  Eat: Chunk             |     9 |     4 |    10 |    17 |    37 ||    77
       Bread ration      |       |       |     2 |     3 |     2 ||     7
       Fruit             |       |       |       |       |     1 ||     1
Armor: Leather armour    |    13 |       |       |       |       ||    13
       Ring mail         |    35 |    67 |    20 |       |       ||   122
       Scale mail        |       |       |    26 |       |       ||    26
       Plate armour      |       |       |   114 |   103 |    41 ||   258
       Chain mail        |       |       |       |   264 |   483 ||   747
Dodge: Dodged            |    83 |    62 |    88 |   181 |   464 ||   878
Block: Shield            |       |       |    97 |   318 |   801 ||  1216
